 Dungeon Crawl Stone Soup version 0.27-a0-906-g0a00ce863d (webtiles) character file.

Game seed: 10683496192734576423

30 Alarkh the Insei (level 3, 26/28 HPs)
             Began as a Demonspawn Gladiator on Apr 6, 2021.
             Got out of the dungeon alive.
             The game lasted 00:00:43 (649 turns).

Alarkh the Insei (Demonspawn Gladiator)              Turns: 649, Time: 00:00:43

Health: 26/28      AC:  4    Str: 14    XL:     3   Next: 3%
Magic:  3/3        EV: 12    Int: 10    God:
Gold:   26         SH:  0    Dex: 14    Spells: 2/2 levels left

rFire    . . .     SeeInvis .     - Unarmed
rCold    . . .     Faith    .   (no shield)
rNeg     . . .     Spirit   .   a - +0 leather armour
rPois    .         Reflect  .   b - +0 helmet
rElec    .         Harm     .   (no cloak)
rCorr    .         Rampage  .   (no gloves)
Will     .....                  (no boots)
Stlth    +.........             (no amulet)
HPRegen  0.09/turn              (no ring)
MPRegen  0.08/turn              (no ring)

@: no status effects
A: talons 1
a: no special abilities


You escaped.
You visited 1 branch of the dungeon, and saw 1 of its levels.

You collected 26 gold pieces.

Inventory:

Missiles
 c - 3 throwing nets (quivered)
Armour
 a - a +0 leather armour (worn)
 b - a +0 helmet (worn)
Scrolls
 e - a scroll of identify {unknown}
 f - a scroll of enchant armour {unknown}
Potions
 d - a potion of berserk rage {unknown}


   Skills:
 + Level 2.5 Fighting
 - Level 1.7 Throwing
 - Level 2.6 Dodging
 * Level 3.5 Unarmed Combat


You had 2 spell levels left.
You didn't know any spells.
Your spell library contained the following spells:

 Spells                   Type           Power      Damage    Failure   Level
 Confusing Touch          Hex            0%         N/A       82%         3
 Gell's Gravitas          Tloc           0%         N/A       82%         3
 Petrify                  Tmut/Erth      0%         N/A       99%         4
 Metabolic Englaciation   Hex/Ice        0%         N/A       100%        5
 Yara's Violent Unravell  Hex/Tmut       0%         3d3       100%        5


Dungeon Overview and Level Annotations

Branches:
Dungeon (1/15)

Altars:


Innate Abilities, Weirdness & Mutations

You have sharp toenails.


Message History

A jackal comes into view.
There are monsters nearby!
There are monsters nearby!
There are monsters nearby!
The ball python hisses angrily.
The jackal barks!
A kobold comes into view. It is wielding a +0 short sword.
The kobold shouts!
A jackal comes into view.
The jackal barks!
You hit the jackal. Your kick misses the jackal.
The jackal is moderately wounded.
The jackal bites you but does no damage.
The jackal barely misses you. x2; The jackal bites you.
The ball python bites you but does no damage.
The ball python barely misses you.
You hit the jackal.
You kill the jackal!
The jackal closely misses you. The ball python completely misses you.
The ball python closely misses you.
You hit the ball python. You claw the ball python.
You kill the ball python!
The jackal bites you but does no damage.
You hit the jackal. You claw the jackal.
You kill the jackal!
The kobold throws a stone.
The stone closely misses you.
The kobold hits you with a +0 short sword.
You closely miss the kobold. You claw the kobold.
You kill the kobold!
The jackal closely misses you. The jackal misses you.
You have reached level 3!
Your experience leads to an increase in your attributes!
Increase (S)trength, (I)ntelligence, or (D)exterity?
You feel clever.
You hit the jackal. You claw the jackal.
You kill the jackal!
You see here a +0 dagger.
There is an open gate here.
There is a staircase leading out of the dungeon here.
Are you sure you want to leave the Dungeon?
This will make you lose the game!
You have escaped!

#......###.##.....## #....
#..........#...≈...# #.###
####.#.#####...≈...## #....
#......#...≈≈≈...# #..##
#...#.##...≈≈≈...## #..#
#.....#...≈≈≈≈≈...# #..#
#....##...≈≈≈≈≈...#######..#
#....#.............#.......#
#....#......@......#.#####.#
#####..>.############### #.#
#............ #.#
#.############################.#
...............................#
################################


There were no monsters in sight!

Vanquished Creatures
  4 ball pythons (D:1)
  2 endoplasms (D:1)
  2 giant cockroaches (D:1)
  2 hobgoblins (D:1)
  5 jackals (D:1)
  2 quokkas (D:1)
  A bat (D:1)
  A frilled lizard (D:1)
  3 goblins (D:1)
  3 kobolds (D:1)
  A rat (D:1)
26 creatures vanquished.

Notes
Turn   | Place    | Note
-------+----------+-------------------------------------------
     0 | D:1      | Alarkh the Demonspawn Gladiator began the quest for the
                  | Orb.
     0 | D:1      | Reached XP level 1. HP: 16/16 MP: 1/1
   162 | D:1      | Reached skill level 3 in Unarmed Combat
   174 | D:1      | Gained mutation: You have sharp toenails. [demonic
                  | ancestry]
   174 | D:1      | Reached XP level 2. HP: 7/22 MP: 2/2
   606 | D:1      | Reached XP level 3. HP: 22/28 MP: 3/3
   649 | D:$      | Got out of the dungeon alive.

Illustrated notes

Levels and vault maps discovered:
D:1:      lemuel_arrival_funnel, layout_basic,
          wander_ebering_terrifying_dragon_lair

Skill      XL: |  1 |
---------------+----+-----
Unarmed Combat | 3 |  3.5
Fighting       | |  2.5
Throwing       | |  1.7
Dodging        | |  2.6

Action                   || total
-------------------------++-------
Melee: Unarmed           ||    76
       Kick              ||    13
       Punch             ||     1
Armor: Leather armour    ||    24
Dodge: Dodged            ||    48

Table legend: (Time is in decaauts)
 A = Elapsed time spent in this place.
 B = Non-inter-level travel time spent in this place.
 C = Inter-level travel time spent in this place.
 D = Time resting spent in this place.
 E = Time spent auto-exploring this place.
 F = Levels seen in this place.
 G = Mean time per level.
                   A        B        C        D        E       F      G
               +--------+--------+--------+--------+--------+-----+--------+
         Total |    644 |    603 |     41 |      0 |    465 |   1 |  644.0 |
       Dungeon |    644 |    603 |     41 |      0 |    465 |   1 |  644.0 |
               +--------+--------+--------+--------+--------+-----+--------+

Top non-repeatable levels by time:
     D:1: 644 daAuts
